 Dungeon Crawl Stone Soup version 0.23-a0-819-g6debee6 (webtiles) character file.

66 Stral the Skirmisher (level 4, 0/40 HPs)
             Began as a Hill Orc Fighter on Jan 22, 2019.
             Succumbed to an adder's poison
             ... on level 2 of the Dungeon.
             The game lasted 00:04:07 (1027 turns).

Stral the Skirmisher (Hill Orc Fighter)             Turns: 1027, Time: 00:04:08

Health: 0/40       AC:  7    Str: 19    XL:     4   Next: 15%
Magic:  1/4        EV:  7    Int:  8    God:
Gold:   44         SH:  9    Dex: 10    Spells: 3/3 levels left

rFire    . . .     SeeInvis .   a - +0 war axe
rCold    . . .     Gourm    .   c - +0 shield
rNeg     . . .     Faith    .   b - +0 scale mail
rPois    .         Spirit   +   (no helmet)
rElec    .         Reflect  .   h - scarf {Spirit}
rCorr    .         Harm     .   (no gloves)
MR       .....                  (no boots)
Stlth    ..........             (no amulet)
HPRegen  0.13/turn              (no ring)
MPRegen  0.09/turn              (no ring)

@: lethally poisoned (0 -> -2)
A: no striking features
a: no special abilities


You were on level 2 of the Dungeon.
You were not hungry.

You visited 1 branch of the dungeon, and saw 3 of its levels.

You collected 44 gold pieces.

Inventory:

Hand Weapons
 a - a +0 war axe (weapon)
Armour
 b - a +0 scale mail (worn)
 c - a +0 shield (worn)
 h - a scarf of spirit shield (worn)
Jewellery
 o - a +6 ring of intelligence {unknown}
Scrolls
 e - 3 scrolls of identify {unknown}
 g - a scroll of remove curse {unknown}
 k - 2 scrolls of teleportation {unknown}
 l - 2 scrolls of magic mapping {unknown}
Potions
 d - a potion of might
 i - a potion of degeneration {unknown}
 j - 3 potions of invisibility {unknown}
 n - a potion of agility {unknown}
Comestibles
 f - 3 rations
 m - 5 chunks of flesh


   Skills:
 + Level 4.3 Fighting
 + Level 3.6 Axes
 + Level 3.9 Armour
 + Level 3.9 Shields


You had 3 spell levels left.
You didn't know any spells.
Your spell library was empty.

Dungeon Overview and Level Annotations

Branches:
Dungeon (3/15)

Altars:


Message History

You completely miss the worm.
The worm is severely wounded.
You block the worm's attack. The dart slug launches a dart at you.
The slug dart hits you but does no damage.
The adder bites you.
* * * LOW HITPOINT WARNING * * *
You are lethally poisoned!
The adder poisons you!
There is a stone staircase leading down here.
You can't go up here!
* * * LOW HITPOINT WARNING * * *
You feel sick. The adder bites you but does no damage.
The adder barely misses you.
You climb downwards.
There is a stone staircase leading up here.
You can't go down here!
The adder bites you.
You climb upwards.
You die...

########### #.........#
#.........# #######
#.........# #..[...##
##.........#
........##########..........#
.........#.....S@........#.#
....<....#....w............#
.........#....w............#
.[....).((.................#
.........#.................#
........##.................#
.........รท.................#
.........##............^..##
.........###..#..........####


You could see a worm, an adder and a dart slug.

Vanquished Creatures
  2 adders (D:2)
  2 worms (D:2)
  A leopard gecko (D:1)
  2 ball pythons
  6 bats
  5 giant cockroaches (D:1)
  3 goblins (D:1)
  4 hobgoblins
  5 jackals (D:1)
  2 frilled lizards
  4 kobolds
  2 rats (D:1)
38 creatures vanquished.

Notes
Turn   | Place    | Note
-------+----------+-------------------------------------------
     0 | D:1      | Stral the Hill Orc Fighter began the quest for the Orb.
     0 | D:1      | Reached XP level 1. HP: 19/19 MP: 1/1
   192 | D:1      | Reached XP level 2. HP: 21/27 MP: 2/2
   350 | D:1      | Reached skill level 4 in Fighting
   359 | D:1      | Reached XP level 3. HP: 26/33 MP: 3/3
  1007 | D:2      | Reached XP level 4. HP: 7/40 MP: 2/4
  1013 | D:2      | HP: 1/40 [worm (6)]
  1023 | D:2      | HP: 2/40 [adder (1)]
  1027 | D:2      | Succumbed to an adder's poison

Vault maps used:
D:1:      elethiomel_arrival_quiet, chequers_serial_rivers_micro_c
D:3:      first_ration, nrook_loot_triangle

Skill      XL: |  1  2 |
---------------+-------+-----
Axes           | 3 |  3.6
Fighting       | 4 |  4.3
Armour         | |  3.9
Shields        | |  3.9

Action                   |  1- 3 |  4- 6 || total
-------------------------+-------+-------++-------
Melee: War axe           |   127 |     8 ||   135
  Eat: Ration            |     1 |       ||     1
       Chunk             |     1 |       ||     1
Armor: Scale mail        |    87 |     3 ||    90
Dodge: Dodged            |    55 |     2 ||    57
Block: Shield            |    84 |     3 ||    87

Table legend:
 A = Non-vault XP
 B = Vault XP
 C = Vault XP percentage of total XP
 D = Non-vault monster count
 E = Vault monster count
 F = Vault count percentage of total count
                 A         B        C        D         E       F
            +---------+---------+-------+---------+---------+-------
      Total |      95 |       0 |   0.0 |      38 |       0 |   0.0
            +---------+---------+-------+---------+---------+-------
        D:1 |      48 |       0 |   0.0 |      28 |       0 |   0.0
        D:2 |      47 |       0 |   0.0 |      10 |       0 |   0.0
            +---------+---------+-------+---------+---------+-------
